 Dungeon Crawl Stone Soup version 0.22-a0-231-g1b571ea (webtiles) character file.

365 Amnesiac the Charlatan (level 6, 0/32 HPs)
             Began as a Spriggan Artificer on Feb 20, 2018.
             Was an Initiate of Gozag.
             Killed by divine providence
             ... invoked by an orc priest
              (17 damage)
             ... on level 4 of the Dungeon.
             The game lasted 00:13:40 (5853 turns).

Amnesiac the Charlatan (Spriggan Artificer)         Turns: 5853, Time: 00:13:41

Health: 0/32       AC:  4    Str: 10    XL:     6   Next: 40%
Magic:  21/21      EV: 20    Int: 12    God:    Gozag
Gold:   486        SH:  5    Dex: 17    Spells: 5/5 levels left

rFire    . . .     SeeInvis +   b - +0 hunting sling
rCold    . . .     Gourm    .   (shield restricted)
rNeg     . . .     Faith    .   y - +1 robe
rPois    .         Spirit   .   (helmet restricted)
rElec    .         Reflect  +   p - +0 cloak
rCorr    .         Harm     .   (gloves unavailable)
MR       +....                  (boots unavailable)
Stlth    ++........             h - +5 amulet of reflection
HPRegen  0.10/turn              n - ring of loudness (curse)
MPRegen  0.17/turn              m - ring of magical power

@: very quick
A: very small, unfitting armour, see invisible, herbivore, speed 3, slow
metabolism 2
a: Potion Petition, Call Merchant, Bribe Branch, Renounce Religion


You were on level 4 of the Dungeon.
You worshipped Gozag.
Gozag was aware of your devotion.
You were full.

You visited 1 branch of the dungeon, and saw 5 of its levels.

You collected 570 gold pieces.
You paid 84 gold pieces to Gozag.

Inventory:

Hand Weapons
 a - a +0 dagger
 b - a +0 hunting sling (weapon)
 u - a +0 short sword
Missiles
 g - 131 stones (quivered)
Armour
 p - a +0 cloak (worn)
 y - a +1 robe (worn)
Jewellery
 h - a +5 amulet of reflection (around neck)
 m - a ring of magical power (right hand)
 n - a cursed ring of loudness (left hand)
Wands
 c - a wand of flame (4)
 d - a wand of enslavement (14)
 e - a wand of polymorph (2)
Scrolls
 j - 3 scrolls of teleportation {!r}
 l - 2 scrolls of amnesia {!r}
 q - 2 scrolls of magic mapping {!r}
 r - 2 scrolls of blinking {!r}
 x - a scroll of enchant weapon {!r, unknown}
Potions
 i - 2 potions of curing {!q}
 k - 3 potions of might {!q}
 o - a potion of brilliance {!q, unknown}
 s - a potion of ambrosia {!q, unknown}
 t - a potion of magic {!q, unknown}
 v - a potion of berserk rage {!q, unknown}
 w - a potion of resistance {!q, unknown}
Comestibles
 f - 3 rations


   Skills:
 + Level 2.4 Fighting
 - Level 2.0 Short Blades
 + Level 5.0 Dodging
 - Level 4.0 Stealth
 * Level 6.8 Evocations


You had 5 spell levels left.
You didn't know any spells.

Dungeon Overview and Level Annotations

Branches:
Dungeon (5/15)
 Temple: D:4-7

Altars:
Ashenzari
Cheibriados
Gozag
Nemelex Xobeh
Zin
The Shining One

Shops:
D:5 *

Annotations:
D:4 Ijyb


Innate Abilities, Weirdness & Mutations

You are very small and have problems with some larger weapons.
You are too small for most types of armour.
You have supernaturally acute eyesight. (SInv)
You are a herbivore.
You cover ground extremely quickly.
You need consume almost no food.


Message History

Level annotation: Ijyb
There is a stone staircase leading up here.
Firing (i - inventory)
g - 138 stones (quivered)
Press: ? - help, Shift-Dir - straight line, f - orc
Aim: an orc, wielding a whip (hasn't noticed you)
You shoot a stone. The stone hits the orc.
The orc is moderately wounded.
The orc throws a stone.
The stone completely misses you.
The orc throws a stone.
The stone misses you.
Firing (i - inventory)
g - 137 stones (quivered)
Press: ? - help, Shift-Dir - straight line, f/p - orc
Aim: an orc, wielding a whip (moderately wounded)
You shoot a stone. The stone hits the quokka!
You kill the quokka!
Firing (i - inventory)
g - 136 stones (quivered)
Press: ? - help, Shift-Dir - straight line, f - orc
Aim: an orc, wielding a whip (moderately wounded)
You shoot a stone. The orc shouts!
The stone hits the orc.
You kill the orc!
You hear a shout!
Firing (i - inventory)
g - 135 stones (quivered)
Press: ? - help, Shift-Dir - straight line, f - orc wizard
Aim: an orc wizard, wielding a dagger and wearing a robe You shoot a stone.
The orc shouts!
The stone hits the orc wizard.
The orc wizard is moderately wounded.
Firing (i - inventory)
g - 134 stones (quivered)
Press: ? - help, Shift-Dir - straight line, f/p - orc wizard
Aim: an orc wizard, wielding a dagger and wearing a robe (moderately wounded)
You shoot a stone. The stone hits the orc wizard.
The orc wizard is heavily wounded.
Ijyb shouts!
Ijyb screams, "You nasty!
Big nasty!"
Firing (i - inventory)
g - 133 stones (quivered)
Press: ? - help, Shift-Dir - straight line, f/p - orc wizard
Aim: an orc wizard, wielding a dagger and wearing a robe (heavily wounded)
You shoot a stone.
The stone closely misses the orc wizard.
You block the orc wizard's attack.
Firing (i - inventory)
g - 132 stones (quivered)
Press: ? - help, Shift-Dir - straight line, f/p - orc wizard
Aim: an orc wizard, wielding a dagger and wearing a robe (heavily wounded)
You shoot a stone. The stone barely misses the orc wizard.
The stone hits the orc.
The orc is severely wounded.
The orc wizard hits you with a dagger.
The orc wizard gestures at you while chanting.
You are confused.
You bump into the rock wall.
The orc priest calls down the wrath of Beogh upon you.
Beogh smites you!
You're too confused to move!
Ijyb hits you.
The orc wizard gestures wildly while chanting.
The orc wizard flickers and vanishes for a moment.
You closely miss Ijyb.
You feel less confused.
The orc priest invokes the aid of Beogh against you.
Beogh smites you!
Ouch! That really hurt!
You die...
Your body crumbles into a pile of gold.

#. ......... . ... .
....#.###..##o..##...... ..
...... .....$..... ...#
.........##.#.##...##....##
....##...##.#.##o..<$(.....
..#.##.........o(((##.....#
..#.##.......o##<#.##.....#
..#.##....#.#.####.....#..#
..#...........og@..........
...o.........o............#
............######.##.###.#
..o.......##### #........#
.##.#.>...$$..# ##......##
.##......####$# #......#
.##.##...####.##
#..#########
............#..#
#..#.#.#.#_####
..####..######.##
#..8.#.#.#.#..#


You could see Ijyb, an orc priest and an orc wizard (invisible).

Vanquished Creatures
  A scorpion (D:4)
  An orc priest (D:3)
  Terence (D:2)
  Natasha (thrice) (D:2)
  A worker ant (D:3)
  3 gnolls (D:3)
  3 adders
  2 oozes (D:3)
  2 dart slugs (D:2)
  15 orcs
  A ball python (D:1)
  5 giant cockroaches
  7 hobgoblins
  6 jackals
  A quokka (D:4)
  3 bats
  7 frilled lizards
  7 goblins
  6 kobolds
  6 rats
81 creatures vanquished.

Vanquished Creatures (collateral kills)
  A worker ant (D:5)
1 creature vanquished.

Grand Total: 82 creatures vanquished

Notes
Turn   | Place    | Note
-------+----------+-------------------------------------------
     0 | D:1      | Amnesiac the Spriggan Artificer began the quest for the Orb.
     0 | D:1      | Reached XP level 1. HP: 9/9 MP: 4/4
   697 | D:2      | Reached skill level 1 in Fighting
   697 | D:2      | Reached XP level 2. HP: 14/14 MP: 6/6
   716 | D:2      | Reached XP level 3. HP: 8/18 MP: 7/7
   751 | D:2      | Found a glowing golden altar of the Shining One.
  1155 | D:2      | Noticed Terence
  1352 | D:4      | Noticed a scorpion
  1413 | D:4      | Found a shattered altar of Ashenzari.
  1517 | D:3      | Found a sparkling altar of Nemelex Xobeh.
  1565 | D:4      | Noticed Ijyb
  1580 | D:4      | Found a snail-covered altar of Cheibriados.
  1583 | D:4      | Found a glowing silver altar of Zin.
  1654 | D:5      | Entered Level 5 of the Dungeon
  1797 | D:5      | Found an opulent altar of Gozag.
  1802 | D:5      | Found Gozag's Platinum Reserve.
  1806 | D:5      | Became a worshipper of Gozag Ym Sagoz the Greedy
  2227 | D:1      | Reached skill level 5 in Evocations
  3573 | D:2      | Killed Terence
  3573 | D:2      | Reached XP level 4. HP: 22/22 MP: 8/8
  3697 | D:2      | Found a glowing golden altar of the Shining One.
  3734 | D:2      | Noticed Natasha
  4040 | D:2      | Killed Natasha
  4104 | D:2      | Reached XP level 5. HP: 26/26 MP: 10/10
  4193 | D:2      | Noticed Natasha
  4198 | D:2      | Killed Natasha
  4356 | D:2      | You fall through a shaft for 2 floors!
  4519 | D:4      | Reached skill level 6 in Evocations
  5294 | D:3      | Reached XP level 6. HP: 26/30 MP: 11/11
  5389 | D:2      | Noticed Natasha
  5594 | D:2      | Killed Natasha
  5726 | D:3      | Reached skill level 5 in Dodging
  5853 | D:4      | Killed from afar by an orc priest

Vault maps used:
D:1:      minmay_arrival_three_doors
D:2:      nicolae_tso_carved_into_rock, serial_bayou_ford_a,
          kennysheep_generic_room_4, uniq_terence, uniq_natasha
D:3:      nemelex_xobeh_ov_fountains_minmay, first_ration,
          minmay_item_behind_shaft
D:4:      evilmike_ruin_ashenzari, minitemple, minmay_temple_entry_statues,
          uniq_ijyb, uniq_crazy_yiuf_cottage
D:5:      nicolae_gozag_zags_fifth_avenue, gammafunk_temple_overflow_pools,
          serial_park_tiny_1, uniq_pikel

Skill      XL: |  1  2  3  4  5  6 |
---------------+-------------------+-----
Fighting       | 1 2 |  2.4
Stealth        | 2 3 4 |  4.0
Evocations     | 5 6 |  6.8
Short Blades   | 2 |  2.0
Dodging        | 4 5 |  5.0

Action                   |  1- 3 |  4- 6 || total
-------------------------+-------+-------++-------
Melee: Dagger            |   206 |       ||   206
       Short sword       |    13 |   205 ||   218
       Hunting sling     |       |     1 ||     1
 Fire: Hunting sling     |       |     7 ||     7
Evoke: Wand              |    10 |    17 ||    27
  Use: Scroll            |     7 |       ||     7
       Potion            |       |     1 ||     1
 Stab: Confused          |       |     2 ||     2
       Sleeping          |       |     3 ||     3
       Distracted        |       |     2 ||     2
  Eat: Ration            |       |     4 ||     4
Armor: Robe              |    27 |    20 ||    47
Dodge: Dodged            |   139 |   128 ||   267
Block: Other             |    37 |    42 ||    79

Table legend:
 A = Spawn XP
 B = Non-spawn XP
 C = Spawn XP percentage of total XP
 D = Spawn monster count
 E = Non-spawn monster count
 F = Spawn count percentage of total count
 G = Total turns spent on level
                    A         B        C        D         E        F      G
               +---------+---------+-------+---------+---------+-------+---------
         Total |       0 |     522 |   0.0 |       0 |      82 |   0.0 |  5853
               +---------+---------+-------+---------+---------+-------+---------
           D:1 |       0 |      34 |   0.0 |       0 |      21 |   0.0 |  1895
           D:2 |       0 |     215 |   0.0 |       0 |      31 |   0.0 |  1957
           D:3 |       0 |     161 |   0.0 |       0 |      17 |   0.0 |  1246
           D:4 |       0 |      96 |   0.0 |       0 |      12 |   0.0 |   560
           D:5 |       0 |      16 |   0.0 |       0 |       1 |   0.0 |   195
               +---------+---------+-------+---------+---------+-------+---------
